[Event "Titled Tuesday Blitz March 07 Late 2023"]
[White "Golubev, Mikhail"]
[Black "Rodriguez Santiago, Jaime"]
[WhiteFideId "14100983"]
[BlackFideId "3100898"]
[WhiteElo "2374"]
[BlackElo "2025"]
[Result "1-0"]
[Round "02"]
[TimeControl "180+2"]
[Date "2023.03.07"]
[WhiteClock "0:00:05"]
[BlackClock "0:00:26"]

1. e4 c6 2. d4 d5 3. Nc3 dxe4 4. Nxe4 Nf6 5. Nxf6+ exf6 6. c3 Bd6 7. Bd3 O-O 8. Ne2 Re8 9. O-O Nd7 10. Ng3 Nf8 11. Nf5 Bc7 12. Bd2 c5 13. Be3 Qd5 14. Qh5 Bxf5 15. Qxf5 Qxf5 16. Bxf5 g6 17. Bc2 cxd4 18. Bxd4 Kg7 19. Rfe1 Ne6 20. Be3 f5 21. Rad1 f4 22. Bc1 Rad8 23. Rxd8 Rxd8 24. Be4 Nc5 25. Kf1 f5 26. Bc2 Kf6 27. f3 Nd3 28. Bxd3 Rxd3 29. Ke2 Rd7 30. Rd1 Re7+ 31. Kf1 g5 32. c4 Be5 33. b3 b6 34. Ba3 Rc7 35. Bb4 a5 36. Be1 Ke6 37. Bf2 Rc6 38. a4 h6 39. Rd5 Bc7 40. Ke2 Be5 41. Rb5 Bc7 42. Rd5 Be5 43. h3 Bc7 44. Kd3 Be5 45. Rb5 Bc7 46. c5 bxc5 47. Rxc5 Rd6+ 48. Ke2 Bb6 49. Rc2 Bxf2 50. Kxf2 Rb6 51. Rc3 Kd5 52. Ke2 Kd4 53. Kd2 Kd5 54. Kc2 Rb4 55. Rd3+ Kc5 56. Rd8 Kb6 57. Kc3 Kc7 58. Rd5 Rb6 59. Rxa5 Re6 60. Rd5 Re2 61. Rd2 Re3+ 62. Kc4 h5 63. b4 g4 64. hxg4 hxg4 65. fxg4 fxg4 66. Rd4 f3 67. gxf3 gxf3 68. Rf4 Kd6 69. b5 Ke5 70. Rf8 Re4+ 71. Kb3 Rf4 72. Rxf4 Kxf4 73. b6 f2 74. b7 f1=Q 75. b8=Q+ Ke3 76. Qe5+ Kd2 77. Qc3+ Kd1 78. Qa1+ Ke2 79. Qxf1+ Kxf1 80. a5 Ke2 81. a6 Kd3 82. a7 Kd2 83. a8=Q Kc1 84. Qe4 Kd2 85. Qf3 1-0


[Site "https://www.chess.com"]

[Event "Titled Tuesday Blitz March 07 Late 2023"]
[White "Wang, Alexander J"]
[Black "ArchibaldCerveza29"]
[WhiteFideId "30955270"]
[WhiteElo "2220"]
[BlackElo "2458"]
[Result "0-1"]
[Round "02"]
[TimeControl "180+2"]
[Date "2023.03.07"]
[WhiteClock "0:02:35"]
[BlackClock "0:02:21"]

1. e4 e5 2. Nf3 Nc6 3. Bb5 g6 4. O-O Bg7 5. c3 a6 6. Ba4 Nge7 7. Bc2 O-O 8. d4 exd4 9. cxd4 d5 10. e5 Bg4 11. Be3 f6 12. exf6 Rxf6 13. Nbd2 Qf8 14. h3 Bf5 15. Bxf5 Nxf5 16. Bg5 Re6 17. Nb3 h6 18. Nc5 Ree8 19. Bf4 Nfxd4 20. Bxc7 Qxc5 0-1


[Site "https://www.chess.com"]

[Event "Titled Tuesday Blitz March 07 Late 2023"]
[White "Hernandez Sanchez, Elvis De La Caridad"]
[Black "Comas Fabrego, Lluis"]
[WhiteFideId "6400353"]
[BlackFideId "2200325"]
[WhiteElo "2458"]
[BlackElo "2523"]
[Result "1-0"]
[Round "02"]
[TimeControl "180+2"]
[Date "2023.03.07"]
[WhiteClock "0:00:45"]
[BlackClock "0:00:10"]

1. e4 c5 2. Nf3 d6 3. d4 cxd4 4. Nxd4 Nf6 5. Nc3 g6 6. Be3 Bg7 7. Nb3 O-O 8. f3 Nc6 9. Qd2 a5 10. Bb5 Be6 11. O-O-O Nd7 12. h4 a4 13. Nxa4 Nce5 14. h5 Nb6 15. Bxb6 Qc8 16. hxg6 hxg6 17. Bd4 Bc4 18. Nb6 Qe6 19. Nxc4 Nxc4 20. Bxc4 Qxc4 21. Bxg7 Kxg7 22. Qd4+ Qxd4 23. Rxd4 Rxa2 24. Rb4 Rfa8 25. Kb1 R2a7 26. g4 Rc8 27. c3 Rc7 28. Kc2 Ra6 29. Ra1 Rxa1 30. Nxa1 Kf6 31. Kd3 Kg5 32. Ke3 e5 33. Nb3 f5 34. gxf5 gxf5 35. exf5 Kxf5 36. Na5 Rh7 37. Nxb7 Rh1 38. Nxd6+ Ke6 39. Ne4 Re1+ 40. Kd2 Rh1 41. Rb6+ Ke7 42. b4 Rh2+ 43. Ke3 Rb2 44. b5 Rb1 45. c4 Kd7 46. c5 Rc1 47. c6+ Kc7 48. Rb7+ Kc8 49. Nd6+ Kd8 50. Rd7# 1-0


[Site "https://www.chess.com"]

[Event "Titled Tuesday Blitz March 07 Late 2023"]
[White "Lopez Perdomo, Juan David"]
[Black "Saksham, Rautela"]
[WhiteFideId "4405137"]
[BlackFideId "35046977"]
[WhiteElo "1965"]
[BlackElo "2301"]
[Result "0-1"]
[Round "02"]
[TimeControl "180+2"]
[Date "2023.03.07"]
[WhiteClock "0:02:05"]
[BlackClock "0:01:46"]

1. e4 e5 2. Nf3 Nf6 3. d4 Nxe4 4. Nxe5 d6 5. Nf3 d5 6. Bd3 Bd6 7. O-O O-O 8. c4 c6 9. Nc3 Bf5 10. cxd5 Nxc3 11. bxc3 Bxd3 12. Qxd3 cxd5 13. Qb5 b6 14. Bg5 Qd7 15. Qb3 Nc6 16. Rfe1 Na5 17. Qc2 Rac8 18. Ne5 Bxe5 19. Rxe5 f6 0-1


[Site "https://www.chess.com"]

[Event "Titled Tuesday Blitz March 07 Late 2023"]
[White "Huber, Benedikt"]
[Black "Antonova, Nadezhda"]
[WhiteFideId "12923583"]
[BlackFideId "14700182"]
[WhiteElo "2199"]
[BlackElo "1885"]
[Result "1-0"]
[Round "02"]
[TimeControl "180+2"]
[Date "2023.03.07"]
[WhiteClock "0:00:13"]
[BlackClock "0:00:05"]

1. d4 Nf6 2. Nc3 d5 3. Bf4 g6 4. e3 Bg7 5. Nb5 Na6 6. h3 O-O 7. Nf3 c6 8. Nc3 Nb8 9. Be2 Re8 10. O-O Nfd7 11. e4 dxe4 12. Nxe4 Nf6 13. Bd3 Nbd7 14. Ng3 c5 15. c3 cxd4 16. cxd4 b6 17. Rc1 Nd5 18. Bg5 Bb7 19. Re1 h6 20. Bd2 e6 21. h4 Rc8 22. h5 g5 23. Bb1 Rxc1 24. Bxc1 Nf4 25. Ne4 Nf6 26. Bxf4 gxf4 27. Qd2 Nxh5 28. Rd1 Qd7 29. Qe2 Nf6 30. Ne5 Qd5 31. f3 Rc8 32. Nxf6+ Bxf6 33. Be4 Qxa2 34. Bxb7 Rd8 35. Qe4 Qxb2 36. Qxf4 Kg7 37. Be4 Qb3 38. Qg4+ Kf8 39. f4 Qa4 40. Nf3 Bxd4+ 41. Kh1 Bf6 42. Rxd8+ Bxd8 43. Qh5 Qd1+ 44. Kh2 Bf6 45. Qg4 Ke7 46. Qg3 Qe2 47. Bc6 a5 48. f5 Qe3 49. Qc7+ Kf8 50. fxe6 Qxe6 51. Qg3 Be5 52. Qxe5 Qxe5+ 53. Nxe5 Ke7 54. Bb5 Kd6 55. Nxf7+ Kc5 56. Be8 b5 57. Nxh6 a4 58. Nf5 a3 59. Ne3 a2 60. Nc2 b4 61. Bf7 Kb5 62. Bxa2 Ka4 63. Nxb4 Kxb4 64. g4 Kc5 65. Kh3 Kd6 66. Kh4 Ke7 67. Kh5 Kf8 68. Kh6 1-0


[Site "https://www.chess.com"]

[Event "Titled Tuesday Blitz March 07 Late 2023"]
[White "Hartikainen, Jarmo"]
[Black "Pasti, Aron"]
[WhiteFideId "503134"]
[BlackFideId "785857"]
[WhiteElo "2193"]
[BlackElo "2173"]
[Result "1-0"]
[Round "02"]
[TimeControl "180+2"]
[Date "2023.03.07"]
[WhiteClock "0:01:30"]
[BlackClock "0:01:09"]

1. e4 e5 2. Nf3 Nc6 3. Bc4 Bc5 4. c3 Nf6 5. d4 exd4 6. b4 Bb6 7. e5 Ne4 8. Bd5 Nxc3 9. Nxc3 dxc3 10. Bg5 Ne7 11. Bb3 O-O 12. O-O d6 13. Re1 Bg4 14. exd6 Bxf3 15. Qxf3 Qxd6 16. Bxe7 Qxb4 17. Bxb4 1-0


[Site "https://www.chess.com"]

[Event "Titled Tuesday Blitz March 07 Late 2023"]
[White "Ansh M Shah"]
[Black "rikchessmx"]
[WhiteFideId "25033379"]
[WhiteElo "2084"]
[BlackElo "2191"]
[Result "1-0"]
[Round "02"]
[TimeControl "180+2"]
[Date "2023.03.07"]
[WhiteClock "0:00:46"]
[BlackClock "0:01:39"]

1. d4 Nf6 2. c4 e6 3. g3 c5 4. d5 exd5 5. cxd5 d6 6. Bg2 b5 7. a4 b4 8. Nd2 Be7 9. Nc4 Ba6 10. b3 Bxc4 11. bxc4 O-O 12. a5 Nfd7 13. Bb2 Bf6 14. Qc1 Re8 15. Nf3 Qe7 16. e3 Ne5 17. O-O Nd3 18. Bxf6 Nxc1 19. Bxe7 Ne2+ 20. Kh1 Rxe7 21. Nd2 Nd7 22. Ne4 Ne5 23. Nxd6 Rd8 24. Ne4 Rc7 25. Rfe1 Nxg3+ 26. hxg3 Nxc4 27. Rec1 f5 28. Rxc4 fxe4 29. Bxe4 g6 30. Rac1 b3 31. Rb1 Rb8 32. Kg2 Rb5 33. Rb2 Kg7 34. a6 Kf6 35. d6 Rd7 36. Bc6 1-0


[Site "https://www.chess.com"]

[Event "Titled Tuesday Blitz March 07 Late 2023"]
[White "Gamage, Wanshini Vidusama"]
[Black "Yeritsyan, Hayk"]
[WhiteFideId "9953752"]
[BlackFideId "13307320"]
[WhiteElo "2178"]
[BlackElo "2450"]
[Result "0-1"]
[Round "02"]
[TimeControl "180+2"]
[Date "2023.03.07"]
[WhiteClock "0:00:17"]
[BlackClock "0:00:07"]

1. e4 c6 2. d4 d5 3. e5 c5 4. Nf3 Nc6 5. dxc5 Bg4 6. Bb5 e6 7. Be3 Ne7 8. a3 Nf5 9. Qd3 Bxf3 10. gxf3 Nxe3 11. fxe3 a6 12. Bxc6+ bxc6 13. b4 Qh4+ 14. Ke2 Qh5 15. Qd4 Qg6 16. Nd2 Qxc2 17. Rhg1 Qf5 18. Qf4 Qxf4 19. exf4 g6 20. Nb3 Bh6 21. Ke3 Kd7 22. h4 Rhf8 23. h5 f6 24. exf6 Rxf6 25. hxg6 hxg6 26. Rg4 e5 27. Rag1 Bxf4+ 28. Ke2 g5 29. Rh1 Rf7 30. Rh6 Re8 31. Na5 e4 32. Rxc6 exf3+ 33. Kxf3 Re3+ 34. Kf2 Rxa3 35. Rxa6 Bd2+ 36. Ke2 Rf4 37. Ra7+ Ke6 38. Ra6+ Kf5 39. Nc6 Rxg4 40. Rxa3 Bxb4 41. Nxb4 Rxb4 42. Rc3 Rc4 43. Rd3 Rxc5 44. Kf3 Ke5 45. Kg4 Ke4 46. Rd1 d4 47. Re1+ Kd3 48. Kf3 Rf5+ 49. Kg4 Rf8 50. Kxg5 Kd2 51. Re6 d3 52. Kg4 Kd1 53. Kg3 d2 54. Kg2 Rc8 55. Rd6 Kc1 0-1


[Site "https://www.chess.com"]

[Event "Titled Tuesday Blitz March 07 Late 2023"]
[White "Gonzalez, Francisco Silva"]
[Black "Sailer, Mike"]
[WhiteFideId "1512285"]
[BlackFideId "2012901"]
[WhiteElo "2074"]
[BlackElo "2109"]
[Result "1-0"]
[Round "02"]
[TimeControl "180+2"]
[Date "2023.03.07"]
[WhiteClock "0:01:08"]
[BlackClock "0:00:02"]

1. d4 d5 2. c4 Bf5 3. cxd5 Bxb1 4. Qa4+ Qd7 5. Qxd7+ Nxd7 6. Rxb1 Ngf6 7. f3 Nxd5 8. e4 N5b6 9. a3 O-O-O 10. Be3 e5 11. d5 Bc5 12. Bxc5 Nxc5 13. b4 Ncd7 14. Rc1 Kb8 15. Nh3 h6 16. Bb5 a6 17. Bxd7 Rxd7 18. Ke2 Nc8 19. Rc5 Nd6 20. Rhc1 g6 21. a4 f5 22. Nf2 Rf8 23. Ke3 Rdf7 24. R1c2 fxe4 25. Nxe4 Nxe4 26. fxe4 Rd7 27. a5 Rf1 28. Rf2 Rxf2 29. Kxf2 Rf7+ 30. Ke3 Rf6 31. Rc1 Kc8 32. g3 Kd7 33. h4 h5 34. Rb1 Rf8 35. b5 Rf6 36. b6 cxb6 37. axb6 Kd8 38. Ke2 Rd6 39. Kf3 Ke7 40. g4 Kf6 41. Kg3 Kf7 42. g5 Ke7 43. Kf3 Kd7 44. Ke3 Ke7 45. Kd3 Rd8 46. Rf1 Rc8 47. Rf6 Rc1 48. Rxg6 Rd1+ 49. Ke2 Rh1 50. Rg7+ Kd8 51. Rxb7 Rxh4 52. Kf3 Rh3+ 53. Kf2 Rh4 54. g6 Rg4 55. g7 Kc8 56. Ra7 Kb8 57. Rf7 Rf4+ 58. Rxf4 1-0


[Site "https://www.chess.com"]

[Event "Titled Tuesday Blitz March 07 Late 2023"]
[White "Kho, Darrell"]
[Black "Mazurkiewicz, Michal"]
[WhiteFideId "1019317"]
[BlackFideId "1124943"]
[WhiteElo "2174"]
[BlackElo "2054"]
[Result "0-1"]
[Round "02"]
[TimeControl "180+2"]
[Date "2023.03.07"]
[WhiteClock "0:00:01"]
[BlackClock "0:01:12"]

1. e4 d6 2. d4 Nf6 3. Nc3 c6 4. f4 Qb6 5. Nf3 Bg4 6. Be2 e6 7. h3 Bxf3 8. Bxf3 d5 9. e5 Nfd7 10. Ne2 c5 11. c3 Nc6 12. Rb1 cxd4 13. cxd4 Bb4+ 14. Kf1 O-O 15. Be3 f6 16. a3 Be7 17. Qd3 Rac8 18. Nc3 Na5 19. Kg1 Nc4 20. Nxd5 exd5 21. Bxd5+ Kh8 22. Bxc4 Rfd8 23. d5 Qc7 24. d6 Bxd6 25. exd6 Qxc4 26. Qxc4 Rxc4 27. Kh2 b6 28. Rhe1 Rc6 29. Rbd1 Nf8 30. f5 Rcxd6 31. Rxd6 Rxd6 32. Bf4 Rd7 33. Re8 Kg8 34. Ra8 Kf7 35. g3 g6 36. fxg6+ hxg6 37. h4 Ne6 38. Kh3 Nxf4+ 39. gxf4 Ke6 40. Kg4 Rd2 41. Re8+ Kf7 42. Ra8 Rg2+ 43. Kf3 Rxb2 44. Rxa7+ Ke6 45. Ra6 Kf5 46. Ra8 Rb3+ 47. Kf2 Kxf4 0-1


[Site "https://www.chess.com"]

[Event "Titled Tuesday Blitz March 07 Late 2023"]
[White "Koutlas, Nikolaos"]
[Black "Cueto, Jonny"]
[WhiteFideId "25827138"]
[BlackFideId "3300145"]
[WhiteElo "2215"]
[BlackElo "2234"]
[Result "1-0"]
[Round "02"]
[TimeControl "180+2"]
[Date "2023.03.07"]
[WhiteClock "0:01:58"]
[BlackClock "0:01:24"]

1. c4 e6 2. Nf3 Nf6 3. g3 b6 4. Bg2 Bb7 5. O-O Be7 6. b3 O-O 7. Bb2 d6 8. Nc3 Nbd7 9. d4 e5 10. d5 Ne8 11. e4 f5 12. exf5 Rxf5 13. Ne4 Ndf6 14. Bh3 Rh5 15. Be6+ Kh8 16. Nfg5 Qb8 17. Nf7+ Kg8 18. Nxe5+ Kf8 19. Qxh5 Nxh5 20. Nd7# 1-0


[Site "https://www.chess.com"]

[Event "Titled Tuesday Blitz March 07 Late 2023"]
[White "Ardila, Oscar Humberto"]
[Black "Slade, Theodore"]
[WhiteFideId "4404742"]
[BlackFideId "426547"]
[WhiteElo "1911"]
[BlackElo "1964"]
[Result "0-1"]
[Round "02"]
[TimeControl "180+2"]
[Date "2023.03.07"]
[WhiteClock "0:00:04"]
[BlackClock "0:01:03"]

1. d4 d5 2. Nf3 Nf6 3. g3 c5 4. c3 e6 5. Bg2 Nc6 6. O-O Bd6 7. Bg5 O-O 8. Nbd2 cxd4 9. cxd4 h6 10. Bxf6 Qxf6 11. e3 Bd7 12. Qb3 Na5 13. Qc3 b6 14. Rfc1 Rac8 15. Qd3 Qe7 16. a3 b5 17. b4 Nc4 18. Nb3 Ra8 19. Nc5 a5 20. Qb3 Ra7 21. Ne1 Rfa8 22. Qd1 Be8 23. Ned3 g6 24. Qe1 h5 25. h4 Kg7 26. Bf1 Bc6 27. Be2 Qf6 28. Kg2 e5 29. dxe5 Nxe5 30. Nxe5 Bxe5 31. Rab1 d4+ 32. e4 axb4 33. axb4 Bd6 34. Bd3 Ra3 35. Qd1 Ra2 36. Qf3 Qxf3+ 37. Kxf3 R8a3 0-1


[Site "https://www.chess.com"]

[Event "Titled Tuesday Blitz March 07 Late 2023"]
[White "Dzida, Kamil"]
[Black "Sabar, Ethmane Daouda"]
[WhiteFideId "21828652"]
[BlackFideId "19600097"]
[WhiteElo "2139"]
[BlackElo "1950"]
[Result "1-0"]
[Round "02"]
[TimeControl "180+2"]
[Date "2023.03.07"]
[WhiteClock "0:00:19"]
[BlackClock "0:00:17"]

1. d4 d5 2. c4 e5 3. dxe5 d4 4. Nf3 Nc6 5. Nbd2 Qe7 6. Nb3 Nxe5 7. Nxe5 Qxe5 8. Qxd4 Bb4+ 9. Bd2 Bxd2+ 10. Qxd2 Be6 11. Rc1 Nf6 12. g3 Rd8 13. Qc3 Qe4 14. f3 Qg6 15. Kf2 h5 16. h4 O-O 17. Bg2 Rd6 18. Rhd1 Rfd8 19. Rxd6 Rxd6 20. e4 Rd8 21. Nd4 Nd7 22. Nxe6 Qxe6 23. Rd1 Qb6+ 24. Qd4 c5 25. Qd2 Qc7 26. Bh3 Kf8 27. Bxd7 Ke7 28. f4 Rxd7 29. Qxd7+ Qxd7 30. Rxd7+ Kxd7 31. g4 g6 32. Kf3 Kd6 33. gxh5 gxh5 34. e5+ Ke6 35. Ke4 f5+ 36. exf6 Kxf6 37. f5 a6 38. Kf4 b5 39. b3 b4 40. Ke4 a5 41. Kf4 Kf7 42. Kg5 a4 43. Kxh5 axb3 44. axb3 Kf6 45. Kg4 Kg7 46. Kg5 Kh7 47. f6 Kg8 48. Kf5 Kf7 49. h5 Kg8 50. Ke6 Kf8 51. f7 Kg7 52. h6+ Kf8 53. h7 Kg7 54. f8=Q+ Kxh7 55. Qf5+ Kg7 56. Qxc5 1-0


[Site "https://www.chess.com"]

[Event "Titled Tuesday Blitz March 07 Late 2023"]
[White "Bongo Akanga Ndjila, Barthelemy"]
[Black "Sreyas Payyappat"]
[WhiteFideId "10609431"]
[BlackFideId "46674969"]
[WhiteElo "1768"]
[BlackElo "2083"]
[Result "0-1"]
[Round "02"]
[TimeControl "180+2"]
[Date "2023.03.07"]
[WhiteClock "0:00:01"]
[BlackClock "0:00:13"]

1. d4 Nf6 2. c4 c5 3. d5 e6 4. Nc3 exd5 5. cxd5 d6 6. Nf3 g6 7. Bf4 Bg7 8. h3 O-O 9. e3 Re8 10. Bd3 Nbd7 11. O-O a6 12. a4 Nb6 13. e4 c4 14. Bc2 Qc7 15. a5 Nbd7 16. Qe2 b5 17. axb6 Nxb6 18. Qd2 Nfd7 19. Rfe1 Bb7 20. Nd4 Re7 21. Ndb5 axb5 22. Nxb5 c3 23. bxc3 Rxa1 24. Rxa1 Qc4 25. Nxd6 Qxc3 26. Qxc3 Bxc3 27. Ra7 Ba8 28. Nb5 Be5 29. Be3 Re8 30. f4 Bb8 31. Rc7 Bxc7 32. Nxc7 Rc8 33. Nb5 Rxc2 34. e5 Nxd5 0-1


[Site "https://www.chess.com"]

[Event "Titled Tuesday Blitz March 07 Late 2023"]
[White "Shohat, Yotam"]
[Black "Winkels, Marcel"]
[WhiteFideId "2813955"]
[BlackFideId "1003887"]
[WhiteElo "2226"]
[BlackElo "1900"]
[Result "1-0"]
[Round "02"]
[TimeControl "180+2"]
[Date "2023.03.07"]
[WhiteClock "0:00:14"]
[BlackClock "0:00:19"]

1. e4 c5 2. Nf3 d6 3. d4 cxd4 4. Nxd4 Nf6 5. Nc3 a6 6. h4 Nc6 7. Nb3 e6 8. g4 b5 9. a3 Be7 10. g5 Nd7 11. Be3 Bb7 12. f4 Na5 13. Qd2 Rc8 14. Nxa5 Qxa5 15. Bd3 b4 16. Ne2 d5 17. O-O dxe4 18. axb4 Qxb4 19. Qxb4 Bxb4 20. Bxa6 Bxa6 21. Rxa6 O-O 22. c3 Bc5 23. Kf2 Rfd8 24. Rd1 Bxe3+ 25. Kxe3 Nc5 26. Rxd8+ Rxd8 27. Rc6 Na4 28. b3 Nb2 29. Kxe4 g6 30. Nd4 Rb8 31. b4 Na4 32. b5 Kf8 33. c4 Ke7 34. Rc7+ Ke8 35. Ke5 Nc3 36. Nc6 Ra8 37. Kf6 Ne4+ 38. Kg7 Nd6 39. Re7# 1-0


[Site "https://www.chess.com"]

[Event "Titled Tuesday Blitz March 07 Late 2023"]
[White "Gasparyan, David"]
[Black "Chemin, Justo Reinaldo"]
[WhiteFideId "13311980"]
[BlackFideId "2101580"]
[WhiteElo "2437"]
[BlackElo "1940"]
[Result "1/2-1/2"]
[Round "02"]
[TimeControl "180+2"]
[Date "2023.03.07"]
[WhiteClock "0:01:04"]
[BlackClock "0:00:52"]

1. Nf3 e6 2. g3 d5 3. Bg2 Nf6 4. d3 Nbd7 5. O-O b6 6. c4 Bb7 7. Nc3 Be7 8. Bf4 O-O 9. Ne5 Nxe5 10. Bxe5 Rc8 11. Qa4 a6 12. cxd5 exd5 13. d4 Re8 14. Rac1 b5 15. Qc2 c6 16. Bh3 Ra8 17. e4 dxe4 18. Nxe4 Nxe4 19. Qxe4 Bd6 20. Qf4 Bxe5 21. dxe5 Qe7 22. b4 Qxe5 23. Qxe5 Rxe5 24. Bd7 Rd8 25. Bxc6 Bxc6 26. Rxc6 Re6 27. Rfc1 Rxc6 28. Rxc6 Ra8 29. f4 h6 30. f5 a5 31. a3 axb4 32. axb4 Ra4 33. Rc8+ Kh7 34. Rc7 Rxb4 35. Rxf7 Kg8 36. Rb7 Rb2 37. g4 b4 38. h4 b3 39. g5 hxg5 40. hxg5 Rb1+ 41. Kg2 Kf8 42. g6 Rb2+ 43. Kg3 Rb1 44. Rb8+ Ke7 45. Rg8 Kf6 46. Rf8+ Kg5 47. f6 Kxg6 48. f7 Rf1 49. Rb8 Rxf7 50. Rxb3 Rf6 51. Kg4 Rc6 52. Rb4 Rc5 53. Ra4 Rc6 54. Rb4 Rf6 55. Ra4 Re6 56. Rb4 Rf6 57. Ra4 Re6 58. Rb4 Rf6 1/2-1/2


[Site "https://www.chess.com"]

[Event "Titled Tuesday Blitz March 07 Late 2023"]
[White "Mujumdar, Sameer"]
[Black "Lorenzo De La Riva, Lazaro"]
[WhiteFideId "2029707"]
[BlackFideId "2268809"]
[WhiteElo "2104"]
[BlackElo "2294"]
[Result "1-0"]
[Round "02"]
[TimeControl "180+2"]
[Date "2023.03.07"]
[WhiteClock "0:01:22"]
[BlackClock "0:00:34"]

1. g3 d5 2. Bg2 Nf6 3. c4 e6 4. Nf3 Be7 5. O-O O-O 6. b3 b6 7. Bb2 Bb7 8. d4 Nbd7 9. Nc3 Rc8 10. Rc1 c5 11. cxd5 exd5 12. e3 Re8 13. dxc5 Nxc5 14. Nd4 Bf8 15. Nce2 Qd7 16. Nf4 Nce4 17. Nd3 Rxc1 18. Qxc1 Rc8 19. Qd1 Bc5 20. Nxc5 bxc5 21. Nf3 Qf5 22. Qc2 Nxg3 23. Qxf5 Nxf5 24. Bxf6 gxf6 25. Bh3 Nd6 26. Bxc8 Nxc8 27. Rc1 c4 28. bxc4 dxc4 29. Rxc4 Nb6 30. Rg4+ Kf8 31. Nd4 h5 32. Rh4 Ke7 33. Rxh5 Kd6 34. Ra5 a6 35. h4 Nc4 36. Ra4 Ne5 37. f4 Nd3 38. h5 Nc5 39. Ra5 Be4 40. h6 Bh7 41. Nb3 Ne4 42. Rxa6+ Kd5 43. Nd4 Kc4 44. Ra7 Nd6 45. Rd7 Kc5 46. a4 Bg6 47. a5 f5 48. a6 Kb6 49. Rxd6+ Ka7 50. Rxg6 fxg6 51. h7 g5 52. h8=Q gxf4 53. exf4 Kb6 54. Qe5 Ka7 55. Qc7+ 1-0


[Site "https://www.chess.com"]

[Event "Titled Tuesday Blitz March 07 Late 2023"]
[White "ritanovikova"]
[Black "Saya, Ethan"]
[BlackFideId "26095181"]
[WhiteElo "2125"]
[BlackElo "2150"]
[Result "1/2-1/2"]
[Round "02"]
[TimeControl "180+2"]
[Date "2023.03.07"]
[WhiteClock "0:00:23"]
[BlackClock "0:00:39"]

1. e4 d5 2. exd5 Qxd5 3. Nc3 Qa5 4. Nf3 Nf6 5. Bc4 Nc6 6. h3 Ne5 7. Bb5+ Bd7 8. Bxd7+ Nfxd7 9. O-O O-O-O 10. d4 Nxf3+ 11. Qxf3 Nf6 12. Be3 e6 13. a3 Qh5 14. Qxh5 Nxh5 15. Ne4 Be7 16. c4 h6 17. Rad1 Nf6 18. Nc3 Rd7 19. Rd2 Rhd8 20. Rfd1 c5 21. dxc5 Rxd2 22. Rxd2 Rxd2 23. Bxd2 Bxc5 24. b4 Bd4 25. Nb5 e5 26. Nd6+ Kd7 27. Nxf7 Ne4 28. Bc1 Ke7 29. Nh8 Nxf2 30. Kf1 g5 31. Ng6+ Kf7 32. Nxe5+ Kf6 33. Ng4+ Nxg4 34. hxg4 Ke5 35. Ke2 Ke4 36. a4 Bc3 37. Bd2 Bxd2 38. Kxd2 Kd4 39. c5 Kc4 40. b5 Kxc5 41. Kc3 a5 42. bxa6 bxa6 43. Kb3 Kd5 44. Kb4 Kc6 45. Kc4 Kd6 46. Kd4 Kc6 47. Kc4 Kd6 48. Kd4 Kc6 49. Kc4 1/2-1/2


[Site "https://www.chess.com"]

[Event "Titled Tuesday Blitz March 07 Late 2023"]
[White "Michalski, Olaf"]
[Black "Kraus, Tomas"]
[WhiteFideId "1106740"]
[BlackFideId "331708"]
[WhiteElo "2173"]
[BlackElo "2389"]
[Result "0-1"]
[Round "02"]
[TimeControl "180+2"]
[Date "2023.03.07"]
[WhiteClock "0:00:01"]
[BlackClock "0:00:04"]

1. d4 Nf6 2. Nf3 c5 3. d5 e6 4. Nc3 exd5 5. Nxd5 Nxd5 6. Qxd5 Nc6 7. c3 d6 8. Bg5 Be6 9. Qd2 Qa5 10. e4 f6 11. Bf4 Be7 12. Be2 O-O 13. O-O Rad8 14. c4 Qxd2 15. Bxd2 Ne5 16. b3 f5 17. exf5 Bxf5 18. Bc3 Bf6 19. Nxe5 dxe5 20. Rad1 b6 21. Rxd8 Rxd8 22. Rd1 Rxd1+ 23. Bxd1 Kf7 24. f3 Ke6 25. Kf2 Bg5 26. g3 Bc1 27. Ke2 Bb1 28. a4 a5 29. Bd2 Bb2 30. Be3 Bd4 31. Kd2 Bg6 32. Bg5 Kd7 33. Bc2 Bxc2 34. Kxc2 h6 35. Bd2 Ke6 36. Kd3 Bg1 37. h3 Bh2 38. Be1 Bg1 39. Ke4 Bd4 40. g4 g6 41. Bg3 h5 42. Bh2 hxg4 43. hxg4 Bf2 0-1


[Site "https://www.chess.com"]

[Event "Titled Tuesday Blitz March 07 Late 2023"]
[White "Ramirez, Maria Eugenia"]
[Black "Elissalt Cardenas, Hector"]
[WhiteFideId "3301680"]
[BlackFideId "3500632"]
[WhiteElo "1842"]
[BlackElo "2202"]
[Result "0-1"]
[Round "02"]
[TimeControl "180+2"]
[Date "2023.03.07"]
[WhiteClock "0:00:01"]
[BlackClock "0:00:22"]

1. e4 d6 2. d4 Nf6 3. Nc3 e5 4. dxe5 dxe5 5. Qxd8+ Kxd8 6. Nf3 Bd6 7. Bg5 Be6 8. Bxf6+ gxf6 9. O-O-O Nd7 10. Nd5 Kc8 11. h3 Bc5 12. Rd2 c6 13. Ne3 Bxa2 14. Nc4 b5 15. Nd6+ Bxd6 16. Rxd6 Kc7 17. Rd2 Be6 18. g4 Nc5 19. Bd3 a5 20. Re1 a4 21. Rde2 a3 22. bxa3 Rxa3 23. Nh4 Rha8 24. Kd2 Ra2 25. Ke3 R8a3 26. Rd1 Bc4 27. Red2 Bxd3 28. cxd3 Rxd2 29. Rxd2 Rc3 30. Nf5 b4 31. f4 Rc1 32. Rb2 b3 33. fxe5 fxe5 34. d4 exd4+ 35. Nxd4 Rc3+ 36. Kf4 Rxh3 37. Kf5 Rd3 38. Ne2 Na4 39. Rb1 b2 40. e5 c5 41. Kf6 Rf3+ 42. Ke7 c4 43. Nd4 Rd3 44. Nf5 c3 45. Kxf7 c2 46. Rh1 c1=Q 47. Rxh7 Kb6 48. Rh6+ Ka5 49. e6 Qc4 50. Ne7 Nc5 51. Nf5 Rd7+ 52. Kf8 Nxe6+ 53. Ke8 Qc8# 0-1


[Site "https://www.chess.com"]

[Event "Titled Tuesday Blitz March 07 Late 2023"]
[White "Stead, Kerry"]
[Black "Meduri, Aakaash"]
[WhiteFideId "3202577"]
[BlackFideId "2032252"]
[WhiteElo "1997"]
[BlackElo "2113"]
[Result "1/2-1/2"]
[Round "02"]
[TimeControl "180+2"]
[Date "2023.03.07"]
[WhiteClock "0:01:49"]
[BlackClock "0:02:20"]

1. d4 d5 2. e4 dxe4 3. Nc3 Nf6 4. f3 exf3 5. Nxf3 e6 6. Bg5 Be7 7. Bd3 h6 8. Bxf6 Bxf6 9. Ne4 Be7 10. O-O O-O 11. c3 Nd7 12. Qe1 Nf6 13. Nxf6+ Bxf6 14. Qe4 g6 15. Rae1 Bg7 16. Ne5 Bxe5 17. Qxe5 Bd7 18. Be4 c6 19. Re3 Qg5 20. Rg3 Qxe5 21. dxe5 Kg7 22. Rf6 Rad8 23. Bxg6 fxg6 24. Rgxg6+ Kh7 25. Rxh6+ Kg7 26. Rhg6+ Kh8 27. Rh6+ Kg8 28. Rhg6+ Kh7 29. Rh6+ Kg7 30. Rhg6+ Kh8 31. Rh6+ Kg8 32. Rhg6+ Kh7 33. Rh6+ 1/2-1/2


[Site "https://www.chess.com"]

[Event "Titled Tuesday Blitz March 07 Late 2023"]
[White "Marczuk, Dominik"]
[Black "Marcolino, Daniel Mattos"]
[WhiteFideId "1111264"]
[BlackFideId "2106841"]
[WhiteElo "2174"]
[BlackElo "2116"]
[Result "1-0"]
[Round "02"]
[TimeControl "180+2"]
[Date "2023.03.07"]
[WhiteClock "0:00:08"]
[BlackClock "0:00:01"]

1. e4 c6 2. d4 d5 3. f3 e6 4. Be3 Nf6 5. e5 Nfd7 6. c3 c5 7. f4 Nc6 8. Nf3 Be7 9. Bd3 O-O 10. O-O f6 11. Qc2 f5 12. a3 a6 13. b4 c4 14. Be2 b5 15. a4 Bb7 16. axb5 axb5 17. Nbd2 Qc7 18. h3 Rxa1 19. Rxa1 Ra8 20. Rf1 Nf8 21. g4 g6 22. Ng5 Bc8 23. Bf2 Qa7 24. Rb1 Qa2 25. Rb2 Qa1+ 26. Kg2 Bxg5 27. fxg5 Ne7 28. Bf3 Bb7 29. Nf1 Bc6 30. Ng3 Ra3 31. Ne2 Kg7 32. Nf4 Ra7 33. Be3 Qe1 34. Bf2 Qa1 35. Be3 Ra3 36. Bd2 Ra7 37. Bc1 Ra8 38. Bd1 Ra7 39. Rb1 Qa2 40. Bb2 Qa6 41. Qf2 Qb7 42. Qh4 Ra2 43. Kg1 Kg8 44. Qg3 Qa7 45. h4 fxg4 46. Bxg4 Nf5 47. Bxf5 exf5 48. h5 Qg7 49. e6 Qe7 50. hxg6 Nxg6 51. Nh5 Qxe6 52. Nf6+ Kg7 53. Qh3 h5 54. Nxh5+ Kf7 55. Nf6 1-0


[Site "https://www.chess.com"]